 Dungeon Crawl Stone Soup version 0.23.0 (webtiles) character file.

Game seed: 12286006529066736930

288 vishdafish the Skirmisher (level 6, -5/66 HPs)
             Began as an Ogre Fighter on Feb 16, 2019.
             Was an Initiate of Cheibriados.
             Slain by a scorpion (6 damage)
             ... on level 6 of the Dungeon.
             The game lasted 00:02:27 (1931 turns).

vishdafish the Skirmisher (Ogre Fighter)            Turns: 1931, Time: 00:02:28

Health: -5/66      AC:  3    Str: 22    XL:     6   Next: 31%
Magic:  6/6        EV:  8    Int: 12    God:    Cheibriados [......]
Gold:   123        SH:  9    Dex:  9    Spells: 5/5 levels left

rFire    . . .     SeeInvis .   a - +0 flail
rCold    . . .     Gourm    .   c - +0 shield
rNeg     . . .     Faith    .   b - +0 robe
rPois    .         Spirit   .   (helmet restricted)
rElec    .         Reflect  .   (no cloak)
rCorr    .         Harm     .   (gloves unavailable)
MR       .....                  (boots unavailable)
Stlth    +.........             (no amulet)
HPRegen  0.21/turn              (no ring)
MPRegen  0.10/turn              (no ring)

@: lethally poisoned (-5 -> -14), flying, hasted, quick
A: large, unfitting armour, tough skin 1
a: Bend Time, Renounce Religion


You were on level 6 of the Dungeon.
You worshipped Cheibriados.
Cheibriados was noncommittal.
You were very hungry.

You visited 1 branch of the dungeon, and saw 4 of its levels.

You collected 123 gold pieces.

Inventory:

Hand Weapons
 a - a +0 flail (weapon)
Armour
 b - a +0 robe (worn)
 c - a +0 shield (worn)
Scrolls
 e - 2 scrolls of remove curse {unknown}
 g - a scroll of magic mapping {unknown}
 i - a scroll of enchant armour {unknown}
 j - a scroll of amnesia {unknown}
 m - 2 scrolls of identify {unknown}
Potions
 h - 2 potions of flight
Comestibles
 f - 14 rations


   Skills:
 + Level 5.6 Fighting
 * Level 4.3 Maces & Flails
 - Level 2.6 Dodging
 + Level 3.8 Shields


You had 5 spell levels left.
You didn't know any spells.
Your spell library was empty.

Dungeon Overview and Level Annotations

Branches:
Dungeon (3/15)

Altars:
Cheibriados
Sif Muna


Innate Abilities, Weirdness & Mutations

You are too large for most types of armour.
You have tough skin. (AC +1)


Message History

You hit the scorpion but do no damage.
The scorpion is severely wounded.
The scorpion stings you.
* * * LOW HITPOINT WARNING * * *
You are lethally poisoned!
The scorpion poisons you!
It was a potion of flight.
You feel very buoyant.
You fly up into the air.
* * * LOW HITPOINT WARNING * * *
You feel sick. You block the scorpion's attack.
It was a potion of haste.
You feel yourself speed up.
Cheibriados forgives your accidental hurry, just this once.
* * * LOW HITPOINT WARNING * * *
You feel sick. The scorpion stings you.
* * * LOW HITPOINT WARNING * * *
You hit the scorpion but do no damage.
The scorpion is severely wounded.
The scorpion stings you.
You die...

.### ...# ...#
####...#
#.....[#
#######......#
(.....†......#
.########s##.#
#@# #######.#
#.......#
#.......#
#..>....#
#.......#
#######.# #.#
...


You could see a scorpion.

Vanquished Creatures
  Grinder (D:3)
  A worker ant (D:6)
  3 adders (D:2)
  2 dart slugs
  3 orcs (D:3)
  A giant cockroach (D:2)
  6 goblins
  6 hobgoblins
  3 quokkas (D:2)
  2 bats (D:2)
  4 frilled lizards
  5 kobolds
  5 rats
42 creatures vanquished.

Notes
Turn   | Place    | Note
-------+----------+-------------------------------------------
     0 | D:1      | vishdafish the Ogre Fighter began the quest for the Orb.
     0 | D:1      | Reached XP level 1. HP: 24/24 MP: 1/1
   160 | D:1      | Reached XP level 2. HP: 32/32 MP: 2/2
   566 | D:2      | Reached XP level 3. HP: 32/40 MP: 3/3
   600 | D:2      | Found a deep blue altar of Sif Muna.
  1335 | D:2      | Reached XP level 4. HP: 42/49 MP: 4/4
  1614 | D:3      | Noticed Grinder
  1620 | D:3      | Killed Grinder
  1620 | D:3      | Reached skill level 5 in Fighting
  1620 | D:3      | Reached XP level 5. HP: 35/57 MP: 5/5
  1620 | D:3      | Reached XP level 6. HP: 40/66 MP: 6/6
  1672 | D:3      | Found a snail-covered altar of Cheibriados.
  1686 | D:3      | Became a worshipper of Cheibriados the Contemplative
  1691 | D:3      | You fall through a shaft for 3 floors!
  1930 | D:6      | HP: 1/66 [scorpion (6)]
  1931 | D:6      | Slain by a scorpion

Skill      XL: |  1  2  3  4 |
---------------+-------------+-----
Maces & Flails | 2 3 4 |  4.3
Shields        | 3 |  3.8
Fighting       | 5 |  5.6
Dodging        | |  2.6

Action                   |  1- 3 |  4- 6 || total
-------------------------+-------+-------++-------
Melee: Flail             |    94 |    32 ||   126
Throw: Javelin           |       |     4 ||     4
  Use: Potion            |       |     3 ||     3
  Eat: Chunk             |     1 |     1 ||     2
Armor: Robe              |    24 |     6 ||    30
Dodge: Dodged            |    36 |    13 ||    49
Block: Shield            |    57 |    20 ||    77
